 Dungeon Crawl Stone Soup version 0.30-a0-297-g0ec75d9ef4 (webtiles) character file.

Game seed: 4980654916642357572

342 CertainDeath the Trooper (level 6, -2/40 (56) HPs)
             Began as a Minotaur Monk on Oct 19, 2022.
             Slain by Edmund
             ... wielding a +7 flail of draining
              (4 damage)
             ... on level 4 of the Dungeon.
             The game lasted 00:09:22 (3237 turns).

CertainDeath the Trooper (Minotaur Monk)            Turns: 3237, Time: 00:09:22

HP:   -2/40 (56)    AC:  4    Str: 15    XL:     6   Next: 30%
MP:   5/5           EV: 14    Int:  7    God:
Gold: 188           SH:  0    Dex: 15    Spells: 5/5 levels left

rFire   . . .      SeeInvis .    a - +0 falchion
rCold   . . .      Faith    .    (no shield)
rNeg    . . .      Spirit   .    b - +0 robe
rPois   .          Reflect  .    (helmet restricted)
rElec   .          Harm     .    t - +0 cloak
rCorr   .          Rampage  .    f - +0 pair of gloves
Will    .....                    (no boots)
Stlth   ++........               (no amulet)
HPRegen 0.26/turn                (no ring)
MPRegen 0.09/turn                (no ring)

@: mighty, very heavily drained
A: horns 2, retaliatory headbutt
a: no special abilities


You were on level 4 of the Dungeon.
You visited 1 branch of the dungeon, and saw 4 of its levels.

You collected 243 gold pieces.
You spent 55 gold pieces at shops.

Inventory:

Hand Weapons
 a - a +0 falchion (weapon)
Missiles
 h - 2 boomerangs of dispersal (quivered)
Armour
 b - a +0 robe (worn)
 f - a +0 pair of gloves (worn)
 q - a +0 cloak
 t - a +0 cloak (worn)
Wands
 r - a wand of polymorph (11)
Scrolls
 j - a scroll of blinking {unknown}
 k - a scroll of enchant weapon {unknown}
 n - 3 scrolls of teleportation
 o - a scroll of vulnerability {unknown}
 s - a scroll of torment {unknown}
 w - a scroll of magic mapping {unknown}
Potions
 c - 3 potions of ambrosia
 d - a potion of might
 e - a potion of flight
 i - 3 potions of brilliance
 m - 5 potions of curing {unknown}
 p - 2 potions of berserk rage {unknown}
 u - a potion of degeneration {unknown}
 v - 2 potions of cancellation {unknown}


   Skills:
 + Level 5.3 Fighting
 + Level 5.2 Long Blades
 + Level 4.7 Dodging
 + Level 3.2 Stealth


You had 5 spell levels left.
You didn't know any spells.
Your spell library contained the following spells:

 Spells                   Type           Power      Damage    Failure   Level
 Slow                     Hex            0%         N/A       43%         1
 Confusing Touch          Hex            0%         N/A       80%         3
 Vampiric Draining        Necr           0%         2d6       80%         3


Dungeon Overview and Level Annotations

Branches:
Dungeon (4/15)
 Temple: D:4-7

Altars:
Ashenzari

Shops:
D:2 ?![((   D:3 :

Annotations:
D:4 Edmund


Innate Abilities, Weirdness & Mutations

You have a pair of horns on your head.
You reflexively headbutt those who attack you in melee.


Message History

You headbutt the goblin.
You feel much better. Edmund barely misses you. The goblin closely misses you.
You feel very mighty all of a sudden. The goblin hits you with a +0 club.
Edmund hits you with a +7 flail of draining!
You feel drained.
You barely miss Edmund. You headbutt Edmund!
Edmund is severely wounded.
Edmund misses you. The goblin closely misses you. You furiously retaliate!
You headbutt the goblin.
You kill the goblin!
You barely miss Edmund.
Edmund is severely wounded.
Edmund says, "People accused me of being a cutpurse!"
Edmund closely misses you.
You hit Edmund but do no damage. Your headbutt misses Edmund.
Edmund is severely wounded.
Edmund hits you with a +7 flail of draining!
* * * LOW HITPOINT WARNING * * *
You feel drained.
* * * LOW HITPOINT WARNING * * *
You feel much better.
Edmund hits you with a +7 flail of draining.
You feel drained.
You hit Edmund.
Edmund is severely wounded.
Edmund completely misses you. You furiously retaliate!
You headbutt Edmund. You closely miss Edmund.
Edmund is almost dead.
Edmund closely misses you.
You barely miss Edmund.
Edmund is almost dead.
Edmund hits you with a +7 flail of draining!
* * * LOW HITPOINT WARNING * * *
You feel drained.
* * * LOW HITPOINT WARNING * * *
You barely miss Edmund. Your headbutt misses Edmund.
Edmund is almost dead.
Edmund hits you with a +7 flail of draining.
You die...

.##.#####.# .##....##.#
..#### .#####.##.# .......
'#......#.#### .......#####
......#......# ...........#
......###.##.###...........#
...######.##...#...........#
'####.....####..#######..<.#
................@@S........#
###.......#####.)######.#?...
..#.......# #....# #.###### #
#...)...# #....'. # #
###)##### #....#.g # #)#
#....###.. # ###.# #....# .
#.#...# #....# #.#.###


You could see Edmund and a ball python.

Vanquished Creatures
  A scorpion (D:4)
  A howler monkey (D:4)
  Jessica (D:2)
  An iguana (D:3)
  Natasha (thrice) (D:3)
  Robin (D:3)
  3 adders
  An ufetubus (D:4)
  4 dart slugs
  4 orcs (D:4)
  5 ball pythons
  6 bats
  4 endoplasms
  2 giant cockroaches
  13 goblins
  5 hobgoblins
  3 jackals (D:3)
  3 quokkas
  4 frilled lizards
  5 kobolds
  3 rats
73 creatures vanquished.

Notes
Turn   | Place    | Note
-------+----------+-------------------------------------------
     0 | D:1      | CertainDeath the Minotaur Monk began the quest for the Orb.
     0 | D:1      | Reached XP level 1. HP: 19/19 MP: 0/0
   283 | D:1      | Reached XP level 2. HP: 25/27 MP: 1/1
   582 | D:1      | Reached XP level 3. HP: 33/33 MP: 2/2
  1279 | D:2      | Found Qisarha's Weapon Boutique.
  1288 | D:2      | Found Ytwi's Antique Weapon Boutique.
  1351 | D:2      | Noticed Jessica
  1353 | D:2      | Killed Jessica
  1354 | D:2      | Reached XP level 4. HP: 41/41 MP: 3/3
  1392 | D:2      | Found a faded altar of an unknown god.
  1486 | D:2      | Found Daqug's Distillery.
  1498 | D:2      | Bought a potion of heal wounds for 55 gold pieces
  1527 | D:2      | Found Emoh's Armour Shop.
  1619 | D:3      | Noticed Natasha
  1740 | D:2      | Found a broken altar of Ashenzari.
  1756 | D:2      | Found Ury Ril's Magic Scroll Shop.
  1874 | D:3      | Found Joujan's Book Boutique.
  1887 | D:3      | Noticed Robin
  1906 | D:3      | Killed Robin
  2251 | D:3      | Killed Natasha
  2252 | D:3      | Reached XP level 5. HP: 23/47 MP: 4/4
  2371 | D:4      | Noticed Edmund
  2545 | D:3      | Noticed Natasha
  2550 | D:3      | Killed Natasha
  2927 | D:3      | Noticed Natasha
  2938 | D:3      | Killed Natasha
  2939 | D:3      | Reached skill level 5 in Fighting
  2939 | D:3      | Reached skill level 5 in Long Blades
  3022 | D:4      | Reached XP level 6. HP: 39/56 MP: 5/5
  3236 | D:4      | HP: 2/40 [Edmund/+7 flail of draining (2)]
  3237 | D:4      | Slain by Edmund

Illustrated notes

Levels and vault maps discovered:
D:1:      erik_arrival_cave_to_civilisation [erik_arrival_cave_to_hall],
          layout_basic, hex_intersection
D:2:      layout_rooms, shapermc_ecumenical_altar_mp_vishouse, serial_shops,
          nicolae_shop_window_shopping, shop_statue, shop_coins,
          nicolae_lakefront_shop, nicolae_shop_trees, basic_altar,
          hangedman_feature_mirror, uniq_jessica
D:3:      layout_basic, serial_shops, shop_statue, uniq_natasha, uniq_robin
D:4:      layout_basic, uniq_edmund

Skill      XL: |  1  2  3  4  5 |
---------------+----------------+-----
Fighting       | 4 5 |  5.3
Long Blades    | 4 5 |  5.2
Stealth        | 2 3 |  3.2
Dodging        | 4 |  4.7

Action                   |  1- 3 |  4- 6 || total
-------------------------+-------+-------++-------
Melee: Falchion          |    70 |    85 ||   155
       Headbutt          |    16 |     5 ||    21
       Punch             |       |     1 ||     1
  Use: Scroll            |     2 |     3 ||     5
       Potion            |       |     3 ||     3
 Stab: Sleeping          |     2 |     4 ||     6
Armor: Robe              |    15 |    17 ||    32
Dodge: Dodged            |    58 |    60 ||   118

Table legend: (Time is in decaauts)
 A = Elapsed time spent in this place.
 B = Non-inter-level travel time spent in this place.
 C = Inter-level travel time spent in this place.
 D = Time resting spent in this place.
 E = Time spent auto-exploring this place.
 F = Levels seen in this place.
 G = Mean time per level.
                   A        B        C        D        E       F      G
               +--------+--------+--------+--------+--------+-----+--------+
         Total |   3255 |   3158 |     97 |    117 |   2312 |   4 |  813.8 |
       Dungeon |   3255 |   3158 |     97 |    117 |   2312 |   4 |  813.8 |
               +--------+--------+--------+--------+--------+-----+--------+

Top non-repeatable levels by time:
     D:1: 1191 daAuts
     D:3: 1150 daAuts
     D:2: 654 daAuts
     D:4: 259 daAuts
